 Dungeon Crawl Stone Soup version bcrawl-1.23 (webtiles) character file.

Game seed: 17054992348562906837

36122 pasperui the Nimble (level 13, -5/104 HPs)
             Began as a Gnoll Reaver on May 22, 2020.
             Was a High Priest of Vehumet.
             Killed from afar by an ice dragon (42 damage)
             ... with a blast of cold
             ... on level 12 of the Dungeon on May 23, 2020.
             The game lasted 01:32:52 (17719 turns).

pasperui the Nimble (Gnoll Reaver)                 Turns: 17719, Time: 01:32:52

Health: -5/104     AC: 13    Str: 17    XL:     13   Next: 88%
Magic:  25/26      EV: 19    Int: 18    God:    Vehumet [*****.]
Gold:   292        SH:  3    Dex: 14    Spells: 1/31 levels left

rFire    . . .     SeeInvis +   P - +4 scimitar (flame)
rCold    . . .     Gourm    .   (no shield)
rNeg     + . .     Faith    .   b - +0 steam dragon scales
rPois    .         Spirit   .   g - +2 hat {SInv}
rElec    .         Reflect  .   C - scarf {clouds}
rCorr    .         Harm     .   y - +0 pair of gloves of Duty {MR+}
MR       +....                  m - +0 pair of boots {Stlth++}
Stlth    ++++++....             f - amulet of the acrobat
HPRegen  0.27/turn              (no ring)
MPRegen  0.20/turn              U - ring of positive energy

@: no status effects
A: distributed training, fangs 1, icy blue scales 1, wild magic 1, strong nose
a: Renounce Religion, Evoke Fog


You were on level 12 of the Dungeon.
You worshipped Vehumet.
Vehumet was extremely pleased with you.
You were not hungry.

You visited 2 branches of the dungeon, and saw 17 of its levels.
You visited 1 bazaar.

You collected 1224 gold pieces.
You spent 932 gold pieces at shops.

Inventory:

Hand Weapons
 d - a +2 glaive of chopping
 v - the +9 hand crossbow of Perversion {flame, rC+ Str+7 Dex+2, unknown}
   (You bought it in a shop in a bazaar)

   It causes projectiles fired from it to burn those they strike, causing extra
   injury to most foes and up to half again as much damage against particularly
   susceptible opponents.
   It affects your strength (+7).
   It affects your dexterity (+2).
   It protects you from cold.
 w - a +2 shortbow of freezing
 K - a +3 scimitar of freezing
 P - a +4 scimitar of flaming (weapon)
Missiles
 k - 2854 arrows
 l - 2941 stones
 o - 1105 sling bullets
 A - 817 bolts
 J - 247 tomahawks
 T - 53 javelins (quivered)
Armour
 b - +0 steam dragon scales (worn)
 g - a +2 hat of see invisible (worn)
 m - a +0 pair of boots of stealth (worn)
 y - the +0 pair of gloves of Duty (worn) {MR+}
   (You bought it in a shop in a bazaar)

   It affects your resistance to hostile enchantments.
 C - a scarf of clouds (worn)
 W - a +2 medium shield
Magical Staves
 B - an uncursed staff of fire
 N - an uncursed staff of death
Jewellery
 f - an amulet of the acrobat (around neck)
 p - an uncursed ring of ice
 q - the ring of Giett {rElec rF+, unknown}
   (You found it on level 1 of the Lair of Beasts)

   [ring of protection from fire]

   It protects you from fire.
   It insulates you from electricity.
 I - an uncursed ring of see invisible
 U - a ring of positive energy (right hand)
Wands
 c - a wand of polymorph (7)
 E - a wand of enslavement (16)
 L - a wand of flame (12)
 Q - a wand of disintegration (12)
 R - a wand of acid (7)
 V - a wand of random effects (18)
 Z - a wand of iceblast (18)
Scrolls
 h - 8 scrolls of enchant weapon
 i - 5 scrolls of fear
 j - 4 scrolls of amnesia
 u - 4 scrolls of enchant armour
 x - 5 scrolls of fog
 z - 9 scrolls of teleportation
 D - 6 scrolls of remove curse
 H - a scroll of silence {unknown}
 M - 2 scrolls of magic mapping
Potions
 a - a potion of brilliance {unknown}
 n - 7 potions of curing
 r - 4 potions of agility
 s - a potion of berserk rage {unknown}
 t - 3 potions of flight
 F - 2 potions of cancellation
 O - a potion of mutation
 S - 2 potions of magic
 X - a potion of invisibility
 Y - 3 potions of heal wounds
Comestibles
 e - 30 rations {!d}


   Skills:
 + Level 10.7 Fighting
 + Level 8.5 Short Blades
 + Level 10.7 Long Blades
 + Level 8.5 Axes
 + Level 8.5 Maces & Flails
 + Level 8.5 Polearms
 + Level 8.5 Staves
 + Level 8.5 Slings
 + Level 8.5 Bows
 + Level 8.5 Crossbows
 + Level 8.5 Throwing
 + Level 8.5 Armour
 + Level 10.7 Dodging
 + Level 8.5 Stealth
 + Level 8.5 Shields
 + Level 8.5 Unarmed Combat
 + Level 9.9 Spellcasting
 + Level 7.1 Conjurations
 + Level 7.1 Hexes
 + Level 7.1 Charms
 + Level 7.1 Summonings
 + Level 7.1 Necromancy
 + Level 7.1 Translocations
 + Level 7.1 Transmutations
 + Level 7.1 Fire Magic
 + Level 7.1 Ice Magic
 + Level 7.1 Air Magic
 + Level 7.1 Earth Magic
 + Level 7.1 Poison Magic
 + Level 9.3 Invocations
 + Level 8.5 Evocations


You had one spell level left.
You knew the following spells:

 Your Spells              Type           Power        Failure   Level  Hunger
a - Sting                 Conj/Pois      ####         1%          1    None
b - Freeze                Ice            #####.       1%          1    None
c - Stone Arrow           Conj/Erth      #####.       1%          3    None
d - Animate Skeleton      Necr           N/A          1%          1    None
e - Regeneration          Chrm/Necr      #####.....   2%          3    None
f - Vampiric Draining     Necr           #####.....   2%          3    None
g - Conjure Flame         Conj/Fire      #####...     1%          3    None
h - Sticky Flame          Conj/Fire      #####...     1%          4    ###....
i - Fireball              Conj/Fire      #####.....   4%          5    #####..
j - Mephitic Cloud        Conj/Pois/Air  #####...     1%          3    None
k - Ignite Poison         Fire/Tmut/Pois #####...     1%          3    None

Your spell library contained the following spells:

 Spells                   Type           Power        Failure   Level  Hunger
 Bolt of Cold             Conj/Ice       #####.....   22%         6    ######.
 Flame Tongue             Conj/Fire      #####        1%          1    None
 Magic Dart               Conj           ####         1%          1    None
 Pain                     Necr           #####.       1%          1    None
 Blink                    Tloc           N/A          1%          2    None
 Call Imp                 Summ           #####.       1%          2    None
 Flaming Arrows           Chrm/Fire      #####...     1%          2    None
 Poisonous Vapours        Pois/Air       #####.       1%          2    None
 Inner Flame              Hex/Fire       N/A          1%          3    None
 Olgreb's Toxic Radiance  Pois           #####....    1%          4    ###....
 Spider Form              Tmut/Pois      ###          2%          3    None
 Bolt of Draining         Conj/Necr      #####.....   4%          5    #####..
 Iskenderun's Battlesphe  Conj/Chrm      #####...     4%          5    #####..
 Venom Bolt               Conj/Pois      #####.....   4%          5    #####..
 Animate Dead             Necr           N/A          7%          4    ###....
 Summon Scorpions         Summ/Pois      #####...     7%          4    ###....
 Iron Shot                Conj/Erth      #####.....   22%         6    ######.
 Poison Arrow             Conj/Pois      #####.....   22%         6    ######.
 Orb of Destruction       Conj           #####.....   69%         7    #######
 Spellforged Servitor     Conj/Summ      #####.....   69%         7    #######


Dungeon Overview and Level Annotations

Branches:
Dungeon (12/12)            Temple (0/1) D:7            Lair (5/6) D:9
 Shoals (0/3) Lair:3       Spider (0/3) Lair:3          Orc (0/1) D:8
  Slime: Lair:5-6    Vaults: D:11-12     Depths: D:12

Altars:
Ashenzari
Cheibriados
Dithmenos
Elyvilon
Fedhas
Hepliaklqana
Okawaru
Sif Muna

Shops:
D:4 %   D:8 }   D:9 =   D:10 *?[!

Annotations:
Lair:4 exclusion: oklob plant


Innate Abilities, Weirdness & Mutations

Your experience applies equally to all skills.
You have very sharp teeth.
Your uncanny sense of smell can sniff out nearby items.
You are partially covered in icy blue scales. (AC +2)
Your spells are a little harder to cast, but a little more powerful.


Message History

The ice dragon completely misses you.
The ice dragon claws you but does no damage.
The ice dragon completely misses you.
You slash the ice dragon! You burn the ice dragon.
The ice dragon is lightly wounded.
You slash the ice dragon! You burn the ice dragon.
The ice dragon is moderately wounded.
The ice dragon completely misses you. The ice dragon closely misses you.
The ice dragon tramples you!
You stumble backwards!
You barely miss the ice dragon.
You bite the ice dragon, but do no damage.
The ice dragon is moderately wounded.
The ice dragon breathes frost at you. The blast of cold hits you!!
You slash the ice dragon! You burn the ice dragon!
Your bite misses the ice dragon.
The ice dragon is severely wounded.
The ice dragon breathes frost at you. The blast of cold hits you!!!
You die...

#.....##..?..# #..#
...#####......##########..#
$. #......................#
# $......................#
........#####.........##
........#...#.........#
........#...#.........#
........'...#.........#
.###....#...D@........#
#....#...#.........#
###..#####.........#
#................#
#................#
#####...######.#######
#.......# #.# ........# #.#
........# #.#


You could see an ice dragon.

Vanquished Creatures
  3 hydras
  2 centaur warriors
  Erica (D:9)
  3 two-headed ogres
  3 skeletal warriors (D:12)
  A wizard (D:12)
  2 cyclopes
  5 ugly things
  3 oklob plants (Lair:1)
  2 necromancers (D:12)
  2 elephants (Lair:2)
  2 black mambas
  6 cane toads
  3 kobold demonologists (D:11)
  A yaktaur (shapeshifter) (D:10)
  A rime drake (Lair:4)
  2 komodo dragons
  3 meliai (D:12)
  5 trolls
  A hornet (D:11)
  A troll (shapeshifter) (D:11)
  9 blink frogs
  4 slime creatures (D:11)
  3 hippogriffs
  A shadow (D:11)
  7 yaks
  2 wraiths
  Sigmund (D:2)
  3 wyverns
  3 redbacks (Lair:3)
  A vampire (D:12)
  A human (D:12)
  Menkaure (D:6)
  An acid dragon (D:12)
  8 crocodiles
  8 water moccasins
  3 soldier ants (D:8)
  An ice beast (D:5)
  A spectral hornet (D:11)
  8 orc warriors
  10 porcupines
  A hornet zombie (D:11)
  3 sky beasts
  2 phantoms
  5 centaurs
  4 ogres
  A big kobold (D:8)
  15 bullfrogs
  A gnoll sergeant (D:7)
  A scorpion (D:11)
  6 killer bees (D:10)
  5 howler monkeys
  3 wights (D:8)
  3 centaur zombies
  3 lava snakes (Lair:5)
  6 crimson imps
  2 quasits
  A bullfrog zombie (D:9)
  2 jellies
  5 orc wizards
  5 orc priests
  A bullfrog skeleton (D:4)
  7 hounds
  4 centaur skeletons
  3 iguanas
  13 worker ants
  Terence (D:2)
  A hound skeleton (D:5)
  Robin (D:2)
  6 gnolls
  10 adders
  5 shadow imps
  3 white imps (D:11)
  2 adder skeletons
  5 worms
  A leopard gecko (D:2)
  36 orcs
  A giant cockroach (D:1)
  3 hobgoblins
  9 jackals
  2 quokkas
  11 bats
  3 frilled lizards
  5 goblins
  12 kobolds
  4 rats
  A plant (Lair:1)
352 creatures vanquished.

Vanquished Creatures (collateral kills)
  An elephant (Lair:2)
1 creature vanquished.

Vanquished Creatures (others)
  An orc (D:7)
  3 fungi
  32 plants
36 creatures vanquished.

Grand Total: 389 creatures vanquished

Notes
Turn   | Place    | Note
-------+----------+-------------------------------------------
     0 | D:1      | pasperui the Gnoll Reaver began the quest for the Orb.
     0 | D:1      | Reached XP level 1. HP: 23/23 MP: 6/6
   243 | D:1      | Reached XP level 2. HP: 27/29 MP: 7/7
   636 | D:2      | Found a shattered altar of Ashenzari.
   661 | D:2      | Noticed Robin
   672 | D:2      | Killed Robin
   791 | D:2      | Reached XP level 3. HP: 34/35 MP: 9/9
  1069 | D:2      | Reached skill level 5 in Spellcasting
  1143 | D:2      | Noticed Sigmund
  1159 | D:2      | Killed Sigmund
  1159 | D:2      | Reached skill level 1 in Short Blades
  1159 | D:2      | Reached skill level 1 in Axes
  1159 | D:2      | Reached skill level 1 in Maces & Flails
  1159 | D:2      | Reached skill level 1 in Polearms
  1159 | D:2      | Reached skill level 1 in Staves
  1159 | D:2      | Reached skill level 1 in Slings
  1159 | D:2      | Reached skill level 1 in Bows
  1159 | D:2      | Reached skill level 1 in Crossbows
  1159 | D:2      | Reached skill level 1 in Throwing
  1159 | D:2      | Reached skill level 1 in Armour
  1159 | D:2      | Reached skill level 1 in Stealth
  1159 | D:2      | Reached skill level 1 in Shields
  1159 | D:2      | Reached skill level 1 in Unarmed Combat
  1159 | D:2      | Reached skill level 1 in Conjurations
  1159 | D:2      | Reached skill level 1 in Hexes
  1159 | D:2      | Reached skill level 1 in Charms
  1159 | D:2      | Reached skill level 1 in Summonings
  1159 | D:2      | Reached skill level 1 in Necromancy
  1159 | D:2      | Reached skill level 1 in Translocations
  1159 | D:2      | Reached skill level 1 in Transmutations
  1159 | D:2      | Reached skill level 1 in Fire Magic
  1159 | D:2      | Reached skill level 1 in Ice Magic
  1159 | D:2      | Reached skill level 1 in Air Magic
  1159 | D:2      | Reached skill level 1 in Earth Magic
  1159 | D:2      | Reached skill level 1 in Poison Magic
  1159 | D:2      | Reached skill level 1 in Invocations
  1159 | D:2      | Reached skill level 1 in Evocations
  1159 | D:2      | Reached XP level 4. HP: 35/41 MP: 11/11
  1159 | D:2      | Reached XP level 5. HP: 40/47 MP: 12/12
  1334 | D:2      | Noticed Terence
  1348 | D:2      | Killed Terence
  1868 | D:3      | Reached * piety under Vehumet
  1868 | D:3      | Offered knowledge of Sting by Vehumet.
  1871 | D:3      | Learned a level 1 spell: Sting
  1974 | D:3      | Reached XP level 6. HP: 45/53 MP: 13/13
  2102 | D:3      | Found a hazy altar of Hepliaklqana.
  2102 | D:3      | Found a white marble altar of Elyvilon.
  2103 | D:3      | Found a shadowy altar of Dithmenos.
  2574 | D:4      | Found Zinabb's Food Shoppe.
  2771 | D:4      | Got a scorched scale mail
  2784 | D:4      | Identified the cursed +0 scale mail of Fesagg {MR++ Dex-5}
                  | (You found it on level 4 of the Dungeon)
  2915 | D:5      | Entered Level 5 of the Dungeon
  2915 | D:5      | Noticed an ice beast
  2967 | D:5      | Killed an ice beast
  2967 | D:5      | Reached XP level 7. HP: 40/59 MP: 15/15
  3722 | D:5      | Offered knowledge of Freeze by Vehumet.
  3725 | D:5      | Learned a level 1 spell: Freeze
  3833 | D:6      | Found an iron altar of Okawaru.
  3860 | D:6      | Reached ** piety under Vehumet
  3916 | D:6      | Found a snail-covered altar of Cheibriados.
  4291 | D:6      | Reached XP level 8. HP: 67/67 MP: 16/16
  4338 | D:7      | Noticed Menkaure
  4359 | D:6      | HP: 3/67 [Menkaure (17)]
  4360 | D:6      | Killed Menkaure
  5201 | D:7      | Reached XP level 9. HP: 65/72 MP: 18/18
  5305 | D:7      | Found a staircase to the Ecumenical Temple.
  5791 | D:8      | Offered knowledge of Inner Flame by Vehumet.
  5845 | D:8      | Found Ewkut's Gadget Boutique.
  6008 | D:8      | Reached *** piety under Vehumet
  6015 | D:8      | Noticed an orc knight
  6138 | D:8      | Reached skill level 5 in Invocations
  6508 | D:8      | Offered knowledge of Stone Arrow by Vehumet.
  6537 | D:8      | Reached XP level 10. HP: 80/80 MP: 20/20
  6552 | D:8      | Learned a level 3 spell: Stone Arrow
  6600 | D:8      | Found a staircase to the Orcish Mines.
  6641 | D:8      | Found a shimmering blue altar of Sif Muna.
  6667 | D:9      | Found Siaphu's Jewellery Shop.
  6711 | D:9      | Noticed Erica
  7089 | D:7      | Reached skill level 5 in Short Blades
  7089 | D:7      | Reached skill level 5 in Axes
  7089 | D:7      | Reached skill level 5 in Maces & Flails
  7089 | D:7      | Reached skill level 5 in Polearms
  7089 | D:7      | Reached skill level 5 in Staves
  7089 | D:7      | Reached skill level 5 in Slings
  7089 | D:7      | Reached skill level 5 in Bows
  7089 | D:7      | Reached skill level 5 in Crossbows
  7089 | D:7      | Reached skill level 5 in Throwing
  7089 | D:7      | Reached skill level 5 in Armour
  7089 | D:7      | Reached skill level 5 in Stealth
  7089 | D:7      | Reached skill level 5 in Shields
  7089 | D:7      | Reached skill level 5 in Unarmed Combat
  7089 | D:7      | Reached skill level 5 in Evocations
  7330 | D:9      | Killed Erica
  7700 | D:9      | Reached **** piety under Vehumet
  8070 | D:9      | Learned a level 1 spell: Animate Skeleton
  8074 | D:9      | Learned a level 3 spell: Regeneration
  8176 | D:9      | Found a staircase to the Lair.
  8252 | Lair:1   | Entered Level 1 of the Lair of Beasts
  8338 | Lair:1   | Offered knowledge of Airstrike by Vehumet.
  8347 | Lair:1   | Noticed a cane toad
  8349 | Lair:1   | Noticed a cane toad
  8356 | Lair:1   | Killed a cane toad
  8663 | D:9      | Learned a level 3 spell: Vampiric Draining
  8915 | Lair:1   | Reached XP level 11. HP: 75/87 MP: 22/22
  8983 | Lair:1   | Noticed an oklob plant
  8983 | Lair:1   | Noticed an oklob plant
  9193 | Lair:2   | Noticed a five-headed hydra
  9200 | Lair:2   | Killed a four-headed hydra
  9635 | Lair:2   | Reached skill level 5 in Conjurations
  9635 | Lair:2   | Reached skill level 5 in Hexes
  9635 | Lair:2   | Reached skill level 5 in Charms
  9635 | Lair:2   | Reached skill level 5 in Summonings
  9635 | Lair:2   | Reached skill level 5 in Necromancy
  9635 | Lair:2   | Reached skill level 5 in Translocations
  9635 | Lair:2   | Reached skill level 5 in Transmutations
  9635 | Lair:2   | Reached skill level 5 in Fire Magic
  9635 | Lair:2   | Reached skill level 5 in Ice Magic
  9635 | Lair:2   | Reached skill level 5 in Air Magic
  9635 | Lair:2   | Reached skill level 5 in Earth Magic
  9635 | Lair:2   | Reached skill level 5 in Poison Magic
 10070 | Lair:3   | Found a staircase to the Shoals.
 10342 | Lair:3   | Found a hole to the Spider Nest.
 10833 | Lair:3   | Noticed a six-headed hydra
 10843 | Lair:3   | Killed a two-headed hydra
 10843 | Lair:3   | Reached XP level 12. HP: 81/96 MP: 20/24
 11323 | Lair:4   | Found a blossoming altar of Fedhas.
 11618 | Lair:4   | Learned a level 3 spell: Conjure Flame
 11623 | Lair:4   | Learned a level 4 spell: Sticky Flame
 11629 | Lair:4   | Learned a level 5 spell: Fireball
 13163 | Lair:1   | Got a shimmering brass ring
 13933 | D:10     | Entered Level 10 of the Dungeon
 13943 | D:10     | Noticed a seven-headed hydra
 13949 | D:10     | Killed a four-headed hydra
 13990 | D:10     | Found Cuaprod's Assorted Antiques.
 14388 | D:10     | Found Hyttar's Distillery.
 14393 | D:10     | Bought a potion of heal wounds for 55 gold pieces
 14393 | D:10     | Bought a potion of mutation for 88 gold pieces
 14393 | D:10     | Bought a potion of might for 44 gold pieces
 14393 | D:10     | Gained mutation: Your spells are a little harder to cast,
                  | but a little more powerful. [potion of mutation]
 14393 | D:10     | Gained mutation: You are partially covered in icy blue
                  | scales. (AC +2) [potion of mutation]
 14517 | D:10     | Found Tiycuz's Magic Scroll Emporium.
 14520 | D:10     | Noticed a two-headed ogre
 14525 | D:10     | Killed a two-headed ogre
 14525 | D:10     | Reached skill level 10 in Fighting
 14525 | D:10     | Reached skill level 10 in Long Blades
 14525 | D:10     | Reached skill level 10 in Dodging
 14561 | D:10     | Noticed a two-headed ogre
 14571 | D:10     | Killed a two-headed ogre
 14919 | D:10     | Found Mylar's Armour Shoppe.
 15004 | D:10     | Noticed a centaur warrior
 15021 | D:10     | Killed a centaur warrior
 15021 | D:10     | Reached XP level 13. HP: 59/103 MP: 26/26
 15265 | D:11     | Learned a level 3 spell: Mephitic Cloud
 15269 | D:11     | Learned a level 3 spell: Ignite Poison
 15280 | D:11     | Found a flickering gateway to a bazaar.
 15293 | Bazaar   | Entered a bazaar
 15294 | Bazaar   | Found Eblodos's Jewellery Shoppe.
 15298 | Bazaar   | Found Xuasuesa's Antique Weapon Boutique.
 15313 | Bazaar   | Found Xabaa's Antique Armour Shop.
 15319 | Bazaar   | Bought a pair of faintly humming gloves for 209 gold pieces
 15329 | Bazaar   | Identified the +0 pair of gloves of Duty {MR+} (You bought
                  | it in a shop in a bazaar)
 15336 | Bazaar   | Found Matimer's General Store.
 15341 | Bazaar   | Found Rellozote's Armour Shoppe.
 15351 | Bazaar   | Bought a +0 pair of boots of stealth for 126 gold pieces
 15371 | Bazaar   | Bought a scroll of enchant armour for 90 gold pieces
 15371 | Bazaar   | Bought a potion of heal wounds for 60 gold pieces
 15371 | Bazaar   | Bought a scroll of enchant weapon for 90 gold pieces
 15392 | Bazaar   | Bought a bloodstained hand crossbow for 170 gold pieces
 15571 | D:11     | Reached ***** piety under Vehumet
 15670 | D:11     | Offered knowledge of Bolt of Cold by Vehumet.
 16730 | D:12     | Entered Level 12 of the Dungeon
 16826 | D:12     | Noticed a fire dragon
 16827 | D:12     | Noticed an ice dragon
 17352 | D:12     | Found a shimmering blue altar of Sif Muna.
 17719 | D:12     | Killed from afar by an ice dragon

Skill      XL: |  1  2  3  4  5  6  7  8  9 10 11 12 13 |
---------------+----------------------------------------+-----
Spellcasting   | 5 6 7 8 9 |  9.9
Short Blades   | 1 2 3 4 5 6 7 8 |  8.5
Axes           | 1 2 3 4 5 6 7 8 |  8.5
Maces & Flails | 1 2 3 4 5 6 7 8 |  8.5
Polearms       | 1 2 3 4 5 6 7 8 |  8.5
Staves         | 1 2 3 4 5 6 7 8 |  8.5
Slings         | 1 2 3 4 5 6 7 8 |  8.5
Bows           | 1 2 3 4 5 6 7 8 |  8.5
Crossbows      | 1 2 3 4 5 6 7 8 |  8.5
Throwing       | 1 2 3 4 5 6 7 8 |  8.5
Armour         | 1 2 3 4 5 6 7 8 |  8.5
Stealth        | 1 2 3 4 5 6 7 8 |  8.5
Shields        | 1 2 3 4 5 6 7 8 |  8.5
Unarmed Combat | 1 2 3 4 5 6 7 8 |  8.5
Conjurations   | 1 2 3 4 5 6 7 |  7.1
Hexes          | 1 2 3 4 5 6 7 |  7.1
Charms         | 1 2 3 4 5 6 7 |  7.1
Summonings     | 1 2 3 4 5 6 7 |  7.1
Necromancy     | 1 2 3 4 5 6 7 |  7.1
Translocations | 1 2 3 4 5 6 7 |  7.1
Transmutations | 1 2 3 4 5 6 7 |  7.1
Fire Magic     | 1 2 3 4 5 6 7 |  7.1
Ice Magic      | 1 2 3 4 5 6 7 |  7.1
Air Magic      | 1 2 3 4 5 6 7 |  7.1
Earth Magic    | 1 2 3 4 5 6 7 |  7.1
Poison Magic   | 1 2 3 4 5 6 7 |  7.1
Invocations    | 1 2 3 4 5 6 7 8 9 |  9.3
Evocations     | 1 2 3 4 5 6 7 8 |  8.5
Fighting       | 7 8 9 10 | 10.7
Long Blades    | 7 8 9 10 | 10.7
Dodging        | 7 8 9 10 | 10.7

Action                   |  1- 3 |  4- 6 |  7- 9 | 10-12 | 13-15 || total
-------------------------+-------+-------+-------+-------+-------++-------
Melee: Long sword        |    73 |   155 |       |       |       ||   228
       Bite              |     3 |    19 |    34 |    57 |    32 ||   145
       Punch             |       |     1 |     7 |     8 |    14 ||    30
       Scimitar          |       |       |   355 |   469 |   214 ||  1038
       Unarmed           |       |       |       |    19 |       ||    19
       Glaive            |       |       |       |       |     9 ||     9
Throw: Javelin           |       |       |       |    15 |       ||    15
 Cast: Sting             |       |       |    47 |    51 |    11 ||   109
       Freeze            |       |       |    16 |       |       ||    16
       Stone Arrow       |       |       |       |    84 |    15 ||    99
       Animate Skeleton  |       |       |       |     1 |       ||     1
       Fireball          |       |       |       |    11 |     1 ||    12
       Vampiric Draining |       |       |       |     4 |       ||     4
       Conjure Flame     |       |       |       |     2 |     6 ||     8
       Mephitic Cloud    |       |       |       |       |    35 ||    35
       Ignite Poison     |       |       |       |       |    18 ||    18
Evoke: Wand              |       |       |       |     3 |       ||     3
  Use: Scroll            |       |     3 |     4 |     7 |     1 ||    15
       Potion            |       |       |     4 |     9 |     1 ||    14
 Stab: Sleeping          |     2 |     2 |     2 |     7 |     3 ||    16
       Distracted        |       |       |     1 |     1 |       ||     2
       Invisible         |       |       |     1 |     1 |       ||     2
       Confused          |       |       |       |       |     4 ||     4
  Eat: Chunk             |     1 |     5 |    12 |    21 |     2 ||    41
       Ration            |       |       |       |     3 |     2 ||     5
Armor: Steam dragon scal |    15 |    63 |    68 |    23 |    51 ||   220
       Leather armour    |       |       |     6 |    88 |       ||    94
       Skin              |       |       |       |     2 |       ||     2
Dodge: Dodged            |    41 |   139 |   261 |   363 |   175 ||   979
Block: Other             |     3 |     9 |    21 |    33 |    28 ||    94
       Medium shield     |       |       |       |   125 |       ||   125
